 Dungeon Crawl Stone Soup version 0.26-a0-597-gb535b0901c (webtiles) character file.

Game seed: 199942981808223728

203 HoaS the Ruffian (level 5, 0/41 HPs)
             Began as a Ghoul Gladiator on Aug 30, 2020.
             Slain by a bullfrog (3 damage)
             ... in a sewer.
             The game lasted 00:05:30 (2499 turns).

HoaS the Ruffian (Ghoul Gladiator)                  Turns: 2499, Time: 00:05:31

Health: 0/41       AC:  6    Str: 19    XL:     5   Next: 81%
Magic:  4/4        EV: 11    Int:  3    God:
Gold:   93         SH:  0    Dex: 10    Spells: 4/4 levels left

rFire    . . .     SeeInvis .     - Unarmed
rCold    + . .     Faith    .   (no shield)
rNeg     + + +     Spirit   .   m - +0 ring mail
rPois    ∞         Reflect  .   b - +0 helmet
rElec    .         Harm     .   (no cloak)
rCorr    .                      (no gloves)
MR       .....                  (no boots)
Stlth    ..........             (no amulet)
HPRegen  0.00/turn              (no ring)
MPRegen  0.09/turn              (no ring)

@: no status effects
A: rotting body, claws 1, cold resistance 1, negative energy resistance 3,
inhibited regeneration, torment resistance, unbreathing
a: no special abilities


You were in a sewer.
You visited 1 branch of the dungeon, and saw 3 of its levels.
You also visited: Sewer.

You collected 93 gold pieces.

Inventory:

Missiles
 c - 3 throwing nets (quivered)
 e - 21 poisoned darts
Armour
 b - a +0 helmet (worn)
 m - a +0 ring mail (worn)
Jewellery
 a - an uncursed amulet of regeneration {unknown}
Scrolls
 j - 2 scrolls of identify
 k - a scroll of remove curse
 p - a scroll of fear {unknown}
 q - a scroll of teleportation {unknown}
 r - 2 scrolls of magic mapping
Potions
 d - a potion of brilliance {unknown}
 f - a potion of flight {unknown}
 g - 4 potions of curing
 h - 2 potions of might {unknown}
 i - 2 potions of resistance {unknown}
 l - a potion of magic {unknown}
 n - a potion of heal wounds {unknown}
 o - a potion of lignification {unknown}


   Skills:
 - Level 2.1 Fighting
 - Level 1.7 Throwing
 - Level 2.6 Dodging
 + Level 6.9 Unarmed Combat


You had 4 spell levels left.
You didn't know any spells.
Your spell library was empty.

Dungeon Overview and Level Annotations

Branches:
Dungeon (3/15)              Sewer (1/1)

Altars:
Cheibriados
Kikubaaqudgha


Innate Abilities, Weirdness & Mutations

Your body is rotting away.
You thrive by killing the living.
You are immune to poison.
You have sharp fingernails.
Your flesh is cold resistant. (rC+)
You are immune to negative energy. (rN+++)
You do not regenerate when monsters are visible.
You are immune to unholy pain and torment.
You can survive without breathing.


Message History

You are too injured to fight recklessly!
You are too injured to fight recklessly!
You are too injured to fight recklessly!
You scratch the ball python.
The ball python is severely wounded.
The bullfrog hits you but does no damage.
The bullfrog barely misses you. The adder bites you.
The ball python closely misses you. The ball python constricts you.
You claw the ball python!
You kill the ball python!
The bullfrog closely misses you. The bullfrog barely misses you.
The adder bites you.
The bullfrog hits you but does no damage.
You scratch the bullfrog but do no damage.
Your claw misses the bullfrog. The bullfrog hits you.
* * * LOW HITPOINT WARNING * * *
The adder barely misses you. The bullfrog hits you.
* * * LOW HITPOINT WARNING * * *
The ooze hits you but does no damage. The bullfrog hits you.
You die...

####################
..≈≈≈≈≈≈F≈≈≈≈≈≈≈≈..###
S≈≈≈≈≈≈≈J@≈≈≈≈≈≈≈≈...##
S.≈≈≈≈≈≈SF≈≈≈≈≈≈≈≈....#
S≈#≈≈≈≈≈≈≈≈≈≈≈≈≈≈.....#
..≈≈≈≈≈≈≈≈≈≈≈≈≈≈≈≈....##
..≈≈≈≈≈≈≈≈≈≈≈≈≈≈≈#.....#
###################....#
####.†.## #..#....#
#..'....#


You could see 2 bullfrogs, an ooze and an adder.

Vanquished Creatures
  3 gnolls (D:2)
  6 adders
  2 river rats (Sewer)
  2 oozes
  3 worms (D:3)
  2 dart slugs (D:2)
  4 leopard geckos
  9 ball pythons
  A giant cockroach (D:2)
  3 goblins
  7 hobgoblins
  7 bats
  8 frilled lizards
  A jackal zombie (D:3)
  3 kobolds (D:1)
  35 rats
96 creatures vanquished.

Notes
Turn   | Place    | Note
-------+----------+-------------------------------------------
     0 | D:1      | HoaS the Ghoul Gladiator began the quest for the Orb.
     0 | D:1      | Reached XP level 1. HP: 17/17 MP: 0/0
   222 | D:1      | Reached XP level 2. HP: 11/24 MP: 1/1
   224 | D:1      | Reached skill level 4 in Unarmed Combat
   631 | D:1      | Reached XP level 3. HP: 29/29 MP: 2/2
  1049 | D:2      | Reached skill level 5 in Unarmed Combat
  1055 | D:2      | Reached XP level 4. HP: 10/36 MP: 3/3
  1370 | D:2      | Found a snail-covered altar of Cheibriados.
  1370 | D:2      | Found an ancient bone altar of Kikubaaqudgha.
  2004 | D:3      | Found a glowing drain.
  2017 | D:3      | Reached skill level 6 in Unarmed Combat
  2116 | Sewer    | Entered a sewer
  2173 | Sewer    | Reached XP level 5. HP: 41/41 MP: 4/4
  2499 | Sewer    | Slain by a bullfrog

Illustrated notes

Levels and vault maps discovered:
D:1:      dpeg_arrival_circle_labyrinth_c, layout_basic,
          minmay_misc_feat_columns
D:2:      layout_loops_ring, gammafunk_temple_overflow_elements,
          minmay_diced_spiral
D:3:      layout_basic, cheibrodos_sewer_entry_bend
Sewer:    sewer_minmay_w

Skill      XL: |  1  2  3  4 |
---------------+-------------+-----
Unarmed Combat | 4 5 6 |  6.9
Fighting       | |  2.1
Throwing       | |  1.7
Dodging        | |  2.6

Action                   |  1- 3 |  4- 6 || total
-------------------------+-------+-------++-------
Melee: Unarmed           |    77 |   180 ||   257
       Punch             |     1 |     5 ||     6
  Use: Scroll            |     4 |     2 ||     6
       Potion            |     1 |       ||     1
Armor: Leather armour    |    12 |     7 ||    19
       Ring mail         |       |    54 ||    54
Dodge: Dodged            |    31 |   116 ||   147

Table legend: (Time is in decaauts)
 A = Elapsed time spent in this place.
 B = Non-inter-level travel time spent in this place.
 C = Inter-level travel time spent in this place.
 D = Time resting spent in this place.
 E = Time spent auto-exploring this place.
 F = Levels seen in this place.
 G = Mean time per level.
                   A        B        C        D        E       F      G
               +--------+--------+--------+--------+--------+-----+--------+
         Total |   2518 |   2389 |    129 |    357 |   1498 |   4 |  629.5 |
       Dungeon |   2091 |   1962 |    129 |    325 |   1337 |   3 |  697.0 |
         Sewer |    427 |    427 |      0 |     32 |    160 |   1 |  427.0 |
               +--------+--------+--------+--------+--------+-----+--------+

Top non-repeatable levels by time:
     D:1: 958 daAuts
     D:2: 826 daAuts
   Sewer: 427 daAuts
     D:3: 305 daAuts
